 Dungeon Crawl Stone Soup version 0.29.1-14-g9c671dbff4 (webtiles) character file.

Game seed: 3812145528324187274

5039 hawla the Thaumaturge (level 11, -3/123 HPs)
             Began as a Meteoran Fire Elementalist on Feb 12, 2023.
             Was a Follower of Vehumet.
             Slain by a yak (11 damage)
             ... on level 9 of the Dungeon.
             The game lasted 00:18:28 (2898 turns).

hawla the Thaumaturge (Meteoran Fire Elementalist)  Turns: 2898, Time: 00:18:29

Health: -3/123     AC: 29    Str: 11    XL:     11   Next: 10%
Magic:  2/26       EV:  2    Int: 21    God:    Vehumet [*.....]
Gold:   326        SH:  0    Dex: 14    Spells: 23/30 levels left

rFire   . . .      SeeInvis .   b - +1 long sword
rCold   . . .      Faith    .   (no shield)
rNeg    . . .      Spirit   .   (body armour currently unavailable)
rPois   +          Reflect  .   (helmet currently unavailable)
rElec   .          Harm     .   (cloak currently unavailable)
rCorr   .          Rampage  .   (gloves currently unavailable)
Will    +....      NoTele   +   (boots currently unavailable)
Stlth   +.........              (no amulet)
HPRegen 0.30/turn               e - +4 ring of protection
MPRegen 0.20/turn               (no ring)

@: tree-form, glowing
A: stationary, stasis, torment immunity, boosted hp, sense surroundings 2,
otherworldly, glowing, explore regen
a: Renounce Religion


You were on level 9 of the Dungeon.
You worshipped Vehumet.
Vehumet was aware of your devotion.
You were a tree.
You visited 2 branches of the dungeon, and saw 10 of its levels.

You collected 326 gold pieces.

Inventory:

Hand Weapons
 b - a +1 long sword (weapon)
Armour
 a - a +0 robe (melded)
 l - a +0 helmet (melded)
Jewellery
 e - a +4 ring of protection (left branch)
Wands
 f - a wand of polymorph (3)
Scrolls
 g - a scroll of fear
 j - a scroll of poison
 k - 4 scrolls of identify
 n - a scroll of enchant armour {unknown}
Potions
 i - 2 potions of brilliance
 m - a potion of mutation {unknown}


   Skills:
 + Level 3.2 Fighting
 + Level 8.4 Long Blades
 + Level 4.9 Dodging
 - Level 1.4 Stealth
 + Level 10.0 Spellcasting
 + Level 7.2 Conjurations
 + Level 9.9 Fire Magic


You had 23 spell levels left.
You knew the following spells:

 Your Spells              Type           Power      Damage    Failure   Level
a - Foxfire               Conj/Fire      100%       2x1d9     1%          1
b - Scorch                Fire           100%       2d10      1%          2
c - Flame Wave            Conj/Fire      46%        2d12      1%          4

Your spell library contained the following spells:

 Spells                   Type           Power      Damage    Failure   Level
 Freeze                   Ice            40%        1d6       6%          1
 Conjure Flame            Conj/Fire      46%        6-21      1%          3
 Sticky Flame             Conj/Fire      46%        2d6       1%          4
 Static Discharge         Conj/Air       25%        3-7/arc   2%          2
 Inner Flame              Hex/Fire       31%        N/A       2%          3
 Summon Small Mammal      Summ           40%        N/A       6%          1
 Sublimation of Blood     Necr           10%        N/A       10%         2
 Call Canine Familiar     Summ           10%        N/A       19%         3
 Summon Guardian Golem    Hex/Summ       10%        N/A       19%         3
 Irradiate                Conj/Tmut      12%        3d15      38%         5
 Animate Armour           Summ/Erth      20%        N/A       54%         4
 Dispel Undead            Necr           10%        3d9       54%         4
 Petrify                  Tmut/Erth      10%        N/A       54%         4
 Blade Hands              Tmut           5%         N/A       87%         5
 Iron Shot                Conj/Erth      12%        9d3       92%         6


Dungeon Overview and Level Annotations

Branches:
Dungeon (9/15) Zot: 2525   Temple (1/1) D:5 Zot: 569
   Lair: D:8-11         Orc: D:9-12

Altars:
Cheibriados
Dithmenos
Gozag
Hepliaklqana
Kikubaaqudgha
Sif Muna
Trog
Uskayaw
Vehumet
Wu Jian
Xom
Yredelemnul
Zin
The Shining One

Annotations:
D:5 Eustachio


Innate Abilities, Weirdness & Mutations

You are a tree.
Your roots penetrate the ground, keeping you stationary.
You cannot be teleported.
You are immune to unholy pain and torment.
Your maximum health is greatly increased.
Your equipment is partially melded.
You passively map the area around you.
You are easily found by Zot.
You glow in the dark.
You regain HP and MP as you explore.


Message History

The flame wave engulfs the orc!!
You kill the orc!
Vehumet accepts your kill.
You feel your power returning.
You finish channelling waves of flame.
You hear two shouts!
Your Spellcasting skill increases to level 10!
Unknown command.
Casting: Flame Wave (mildly dangerous; 1% risk of failure)
Confirm with . or Enter, or press ? or * to list all spells.
Flames lash the orc warrior.
The orc warrior is almost dead.
The orc warrior's fire resistance burns away.
The orc warrior unwields a +0 arbalest.
The orc warrior wields a +0 mace.
The orc warrior hits you but does no damage.
Casting: Scorch (safe; 1% risk of failure)
Confirm with . or Enter, or press ? or * to list all spells.
Flames lash the orc warrior.
The orc warrior is burned terribly!
The orc warrior is almost dead.
Unknown command.
Casting: Scorch (safe; 1% risk of failure)
Confirm with . or Enter, or press ? or * to list all spells.
Flames lash the orc warrior but do no damage.
The orc warrior hits you but does no damage.
Unknown command.
Casting: Scorch (safe; 1% risk of failure)
Confirm with . or Enter, or press ? or * to list all spells.
You conjure some foxfire!
The orc warrior hits you but does no damage.
You hit the orc warrior but do no damage.
The orc warrior is almost dead.
The foxfire hits the orc warrior.
The orc warrior is burned terribly!
You kill the orc warrior!
Vehumet accepts your kill.
Unknown command.
Casting: Foxfire (safe; 1% risk of failure)
Confirm with . or Enter, or press ? or * to list all spells.
You conjure some foxfire!
The foxfire hits the yak but does no damage.
The yak gores you!
You die...

,, $...............# *, ,
..........#....# ,
....$......... .... .,,
##...........).# ..# .. ,
#.............###..# ..., ,*
........###.§.[<..#.... ,
###......#...)§)###..... **
* #....##..#.....§v†)..!..
##.........##..#...Y##......
.............#.)§§......, *
#............#...§...... ,
#....................... ,
....###................#, *
, ....#:#....#.###.....#.# ,
....###....#..# .....# , , ,
* .........##..#....#... ,,,


You could see a yak (ally target).

Vanquished Creatures
  2 two-headed ogres
  A komodo dragon (D:9)
  A troll (D:6)
  3 yaks
  A steam dragon (D:8)
  Menkaure (D:4)
  2 orc warriors
  2 ice beasts
  A black bear (D:5)
  An ogre (D:5)
  3 centaurs
  2 kobold brigands
  Blork the orc (D:5)
  A gnoll sergeant (D:8)
  2 bullfrogs
  A scorpion (D:4)
  15 wights
  2 hounds (D:4)
  A gnoll bouda (D:9)
  2 jellies
  3 orc priests
  2 iguanas (D:4)
  7 orc wizards
  Robin (D:3)
  12 gnolls
  2 adders
  2 white imps (D:5)
  2 ufetubi
  3 dart slugs
  20 orcs
  9 endoplasms
  4 giant cockroaches
  8 goblins
  7 hobgoblins
  A jackal (D:4)
  2 quokkas
  4 ball pythons
  3 frilled lizards
  11 kobolds
  3 rats
151 creatures vanquished.

Vanquished Creatures (others)
  216 foxfires
216 creatures vanquished.

Grand Total: 367 creatures vanquished

Notes
Turn   | Place    | Note
-------+----------+-------------------------------------------
     0 | D:1      | hawla the Meteoran Fire Elementalist began the quest for
                  | the Orb.
     0 | D:1      | Reached XP level 1. HP: 14/14 MP: 5/5
   128 | D:1      | Reached XP level 2. HP: 20/20 MP: 4/6
   248 | D:1      | Found a faded altar of an unknown god.
   280 | D:1      | Reached skill level 3 in Spellcasting
   343 | D:1      | You fall into a shaft and drop 1 floor!
   354 | D:2      | Reached XP level 3. HP: 26/26 MP: 5/8
   373 | D:3      | Learned a level 2 spell: Scorch
   388 | D:3      | Found an opulent altar of Gozag.
   445 | D:3      | Noticed Robin
   486 | D:3      | Killed Robin
   490 | D:3      | Reached XP level 4. HP: 7/33 MP: 1/9
   496 | D:3      | Learned a level 4 spell: Flame Wave
   567 | D:4      | Noticed a scorpion
   577 | D:4      | Killed a scorpion
   578 | D:4      | Reached XP level 5. HP: 38/38 MP: 2/10
   591 | D:4      | Noticed Menkaure
   598 | D:4      | Killed Menkaure
   599 | D:4      | Reached XP level 6. HP: 40/45 MP: 1/11
   712 | D:4      | Reached XP level 7. HP: 16/50 MP: 5/12
   714 | D:4      | Reached skill level 5 in Long Blades
  1464 | D:5      | Entered Level 5 of the Dungeon
  1464 | D:5      | Noticed Eustachio
  1464 | D:5      | Found a shadowy altar of Dithmenos.
  1501 | D:5      | Noticed Blork the orc
  1509 | D:5      | Killed Blork the orc
  1510 | D:5      | Reached XP level 8. HP: 19/57 MP: 1/14
  1592 | D:5      | Reached skill level 4 in Spellcasting
  1592 | D:5      | Reached skill level 5 in Fire Magic
  1712 | D:5      | Found a staircase to the Ecumenical Temple.
  1732 | Temple   | Entered the Ecumenical Temple
  1750 | Temple   | Became a worshipper of Vehumet
  1812 | D:6      | Noticed a troll
  1826 | D:6      | Killed a troll
  1827 | D:6      | Reached skill level 1 in Fighting
  1827 | D:6      | Reached skill level 5 in Spellcasting
  1870 | D:7      | Gained mutation: You passively map the area around you.
                  | [Meteoran growth]
  1870 | D:7      | Reached XP level 9. HP: 64/64 MP: 11/17
  1913 | D:8      | Noticed a two-headed ogre
  1920 | D:8      | Killed a two-headed ogre
  1921 | D:8      | Reached skill level 6 in Spellcasting
  1921 | D:8      | Reached skill level 5 in Conjurations
  1955 | D:7      | Reached skill level 7 in Spellcasting
  2120 | D:8      | Reached XP level 10. HP: 42/73 MP: 10/22
  2289 | D:8      | Reached * piety under Vehumet
  2289 | D:8      | Offered knowledge of Shock by Vehumet.
  2292 | D:8      | Reached skill level 8 in Spellcasting
  2432 | D:8      | Found a bloodstained altar of Trog.
  2525 | D:8      | Found a hide-covered altar of Uskayaw.
  2530 | D:8      | Found an ornate altar of the Wu Jian Council.
  2721 | D:9      | Noticed a two-headed ogre
  2775 | D:9      | Reached skill level 9 in Spellcasting
  2849 | D:9      | Killed a two-headed ogre
  2876 | D:9      | Noticed a komodo dragon
  2885 | D:9      | Reached XP level 11. HP: 42/82 MP: 16/25
  2890 | D:9      | Offered knowledge of Freeze by Vehumet.
  2890 | D:9      | HP: 5/123 [orc warrior/bolt (7)]
  2893 | D:9      | Reached skill level 10 in Spellcasting
  2898 | D:9      | Slain by a yak

Illustrated notes

Levels and vault maps discovered:
D:1:      dpeg_arrival_more_subterranean_lakeside_camping, layout_loops_corners,
          chequers_ecumenical_altar_lobes
D:2:      layout_rooms, hex_tiny, nicolae_shop_unique_rings
D:3:      layout_basic, marbit_many_paths, serial_shops, shop, minivault_11,
          roderic_roman_lattice, grunt_ministairs_13, eino_tiny_chamber,
          uniq_robin, uniq_natasha
D:4:      layout_loops_ring, minmay_starry_boxes, uniq_menkaure
D:5:      minmay_skewed_foursquare, layout_rooms,
          mainiacjoe_overflow_small_starburst, mainiacjoe_overflow_boulevard,
          minmay_temple_entry_stoned_glass, uniq_blork_the_orc, uniq_eustachio
D:6:      layout_basic, uniq_duvessa, uniq_maggie
D:7:      layout_rooms, corexii_leaking_fountain, minmay_misc_feat_tiny
D:8:      layout_basic, mainiacjoe_overflow_alcove_4, minitemple, enter_bailey_7
D:9:      minmay_the_grid_triangle_9x9_recursive_2
          [minmay_the_grid_triangle_9x9_prize_special,
          minmay_the_grid_triangle_9x9_pentomino_pain,
          minmay_the_grid_triangle_9x9_tough_junction,
          minmay_the_grid_triangle_9x9_sprig], layout_cave_pools,
          kennysheep_little_box, item_on_display_b
Temple:   eino_wide_crystal_templ

Skill      XL: |  1  2  3  4  5  6  7  8  9 10 11 |
---------------+----------------------------------+-----
Fire Magic     | 4 6 8 9 |  9.9
Spellcasting   | 3 5 7 9 10 | 10.0
Conjurations   | 3 4 5 7 |  7.2
Long Blades    | 3 4 7 8 |  8.4
Dodging        | 3 4 |  4.9
Fighting       | 1 2 3 |  3.2
Stealth        | |  1.4

Action                   |  1- 3 |  4- 6 |  7- 9 | 10-12 || total
-------------------------+-------+-------+-------+-------++-------
Melee: Unarmed           |    10 |     1 |       |       ||    11
       Long sword        |       |    12 |    48 |    10 ||    70
 Cast: Foxfire           |    28 |    24 |    50 |    30 ||   132
       Scorch            |     9 |     9 |    38 |    16 ||    72
       Flame Wave        |       |     2 |     8 |    15 ||    25
  Use: Scroll            |     1 |       |     9 |     1 ||    11
       Potion            |     1 |     4 |       |     3 ||     8
Armor: Robe              |     6 |     2 |    21 |    14 ||    43
       Skin              |       |     5 |     1 |    12 ||    18
Dodge: Dodged            |    12 |    19 |    60 |    32 ||   123
